 Dungeon Crawl Stone Soup version 0.18.1-48-g4cf74bf (webtiles) character file.

36810 Peloso the Blocker (level 13, -10/116 HPs)
             Began as a Minotaur Fighter on Sept 1, 2016.
             Was a High Priest of Okawaru.
             Mangled by a bone dragon (11 damage)
             ... on level 3 of the Abyss.
             The game lasted 00:48:46 (17518 turns).

Peloso the Blocker (Minotaur Fighter)              Turns: 17518, Time: 00:48:47

Health: -10/116    AC: 21    Str: 23      XL:     13   Next: 55%
Magic:  24/24      EV: 11    Int:  4 (5)  God:    Okawaru [*****.]
Gold:   1046       SH: 15    Dex:  8 (9)  Spells: 0 memorised, 15 levels left

rFire  + + .     SeeInvis .     z - +1 scimitar of Discord {flame, rPois MR+}
rCold  . . .     Gourm    .     E - +0 plate armour of Absence {+Fly rCorr Dex-4}
rNeg   . . .     Faith    .     c - +0 shield
rPois  +         Spirit   .     (helmet restricted)
rElec  .         Dismiss  .     y - +0 cloak
rCorr  +         Reflect  .     (no gloves)
SustAt .         Harm     .     H - +0 pair of boots of the Bard {-Tele rPois rF++ MP+9}
MR     ++...     NoTele   +     (no amulet)
Stlth  ..........               A - ring of poison resistance
                                j - ring of protection from magic

@: heroism, very resistant to hostile enchantments, extremely unstealthy
A: retaliatory headbutt, horns 2, deterioration 1
a: Heroism, Finesse, Renounce Religion, Evoke Flight


You were on level 3 of the Abyss.
You worshipped Okawaru.
Okawaru was extremely pleased with you.
You were not hungry.

You visited 3 branches of the dungeon, and saw 16 of its levels.
You visited the Abyss 1 time.
You also visited: Labyrinth and Sewer.

You collected 1046 gold pieces.

Inventory:

Hand Weapons
 a - a +1 long sword
 u - a +5 long sword of holy wrath
 v - the +11 rapier "Jellybane" {venom, Dex+5}
   (You found it on level 4 of the Dungeon)

   It poisons the flesh of those it strikes.
   It affects your dexterity (+5).
 z - the +1 scimitar of Discord (weapon) {flame, rPois MR+}
   (Okawaru gifted it to you on level 3 of the Lair of Beasts)

   It has been specially enchanted to burn those struck by it, causing extra
   injury to most foes and up to half again as much damage against particularly
   susceptible opponents.
   Big, fiery blades are also staple armaments of hydra-hunters.
   It protects you from poison.
   It affects your resistance to hostile enchantments.
Armour
 c - a +0 shield (worn)
 n - a swamp dragon hide
 y - a +0 cloak (worn)
 E - the +0 plate armour of Absence (worn) {+Fly rCorr Dex-4}
   (You took it off a minotaur in a labyrinth)

   It affects your dexterity (-4).
   It lets you fly.
   It protects you from acid and corrosion.
 H - the +0 pair of boots of the Bard (worn) {-Tele rPois rF++ MP+9}
   (Okawaru gifted it to you on level 11 of the Dungeon)

   It greatly protects you from fire.
   It protects you from poison.
   It affects your magic capacity (+9).
   It prevents most forms of teleportation.
Jewellery
 j - a ring of protection from magic (left hand)
 A - a ring of poison resistance (right hand)
 D - an uncursed ring of sustain attributes
 J - an uncursed ring of fire
 N - an uncursed ring of positive energy {unknown}
Wands
 h - a wand of enslavement (13/24)
 p - a wand of disintegration (23/24)
 s - a wand of lightning (9/15)
Scrolls
 i - 2 scrolls of teleportation
 k - 2 scrolls of enchant weapon
 x - a scroll of remove curse
 C - a scroll of enchant armour
 K - 2 scrolls of identify
 R - a scroll of recharging
Potions
 d - 4 potions of might
 g - a potion of agility {unknown}
 l - 8 potions of curing
 m - 3 potions of berserk rage
 o - 5 potions of magic
 t - 2 potions of resistance
 B - 4 potions of cure mutation {unknown}
 F - a potion of cancellation {unknown}
 G - 2 potions of degeneration {unknown}
 I - a potion of flight {unknown}
 L - a potion of brilliance {unknown}
 Q - a potion of heal wounds
Books
 e - a book of Death

   Spells                             Type                      Level
   a - Corpse Rot                     Necromancy                   2
   b - Sublimation of Blood           Necromancy                   2
   c - Agony                          Necromancy                   5
   d - Dispel Undead                  Necromancy                   5
   e - Excruciating Wounds            Charms/Necromancy            5
   f - Bolt of Draining               Conjuration/Necromancy       5
 M - a Necronomicon

   Spells                             Type                      Level
   a - Haunt                          Necromancy/Summoning         7
   b - Borgnjor's Revivification      Necromancy                   8
   c - Death's Door                   Charms/Necromancy            8
   d - Necromutation                  Transmutation/Necromancy     8
Comestibles
 b - a beef jerky
 f - 7 bread rations
 q - 6 meat rations
 r - 6 fruits
 w - a royal jelly
 O - 9 chunks of flesh


   Skills:
 + Level 11.6(16.6) Fighting
 + Level 3.0(13.7) Short Blades
 + Level 13.4(18.5) Long Blades
 + Level 2.8(7.8) Throwing
 + Level 12.1(17.1) Armour
 + Level 7.4(12.4) Dodging
 + Level 3.1(8.1) Stealth
 + Level 13.7(18.7) Shields
 + Level 3.1(8.1) Unarmed Combat
 + Level 1.8 Spellcasting
 + Level 4.5 Invocations
 + Level 2.5 Evocations


You had 15 spell levels left.
You didn't know any spells.

Dungeon Overview and Level Annotations

Branches:
Dungeon (11/15)            Temple (1/1) D:5            Lair (4/8) D:9
    Orc (0/2) D:10
  Swamp: Lair:3-6    Shoals: Lair:3-6     Snake: Lair:3-6    Spider: Lair:3-6

Altars:
Ashenzari
Cheibriados
Elyvilon
Fedhas
Gozag
Kikubaaqudgha
Makhleb
Nemelex Xobeh
Okawaru
Pakellas
Ru
Trog
Xom
Zin

Portals:
Trove: D:11 (give 7 potions of agility)

Annotations:
D:3 exclusion: oklob plant


Innate Abilities, Weirdness & Mutations

You reflexively headbutt those who attack you in melee.
You have a pair of horns on your head.
Your body sometimes deteriorates upon taking damage.


Message History

Your headbutt misses the bone dragon.
The bone dragon is almost destroyed.
You block the bone dragon's attack. The bone dragon claws you!
* * * LOW HITPOINT WARNING * * *
The bone dragon tramples you but does no damage.
Unknown command.
You hit the bone dragon but do no damage.
You headbutt the bone dragon, but do no damage.
The bone dragon is almost destroyed.
The shadow demon gestures.
The bone dragon bites you but does no damage.
You block the bone dragon's attack.
The bone dragon tramples you but does no damage.
You hit the bone dragon but do no damage.
The bone dragon is almost destroyed.
You block the ufetubus's attack. The ufetubus misses you.
You block the bone dragon's attack.
The bone dragon claws you but does no damage.
The bone dragon tramples you!
You die...

. .. .##.. ## #...
..# ... #..#..#..
.... ...#..... .
#... ####...#....
..... #..#....#
.#.......#..5@.# .
... ..#..#D.####. .
.# . #.##2X.......
... #.#4x#..#.#.#.
#.. . 53##.#.... .
#####.5####..#....#
. # #.###.. ..#
....# . .... #..
###.. .... ...# .#
........ ...


You could see a bone dragon, a shadow demon, an orange demon, an ancient zyme, a
large abomination, a ynoxinul and 3 ufetubi.

Vanquished Creatures
  Maud (D:10)
  A vault guard (D:11)
  A minotaur (Lab)
  The ghost of Anatei the Blocker, a journeyman MiFi of Nemelex Xobeh (Lair:1)
  A hydra (Lair:3)
  Harold (D:10)
  The ghost of CALLOUS the Peltast, a journeyman DrSu of Qazlal (D:10)
  Urug (D:10)
  A thrashing horror (Abyss:3)
  Nergalle (D:11)
  Sonja (Lair:3)
  3 hill giants
  A griffon (Lair:3)
  2 ugly things
  A cyclops (D:11)
  5 elephants (Lair:2)
  Joseph (D:8)
  2 black mambas (Lair:3)
  The ghost of Gottschkopf the Ruffian, a novice DrTm (D:7)
  2 rime drakes
  4 spiny frogs
  2 komodo dragons
  The ghost of GFox the Ruffian, an amateur MiMo (D:4)
  A troll (D:10)
  4 blink frogs (Lair:3)
  A vampire (D:11)
  46 yaks
  A steam dragon (D:8)
  4 hippogriffs
  A neqoxec (Abyss:3)
  A basilisk (Lair:2)
  A soldier ant (D:11)
  7 water moccasins
  9 porcupines
  Purgy (Sewer)
  A black bear (D:8)
  9 orc warriors
  5 sky beasts
  3 ice beasts
  2 phantoms
  11 wolves
  9 ogres
  6 centaurs
  6 crocodiles
  2 big kobolds (D:9)
  12 giant frogs
  A water moccasin skeleton (D:9)
  5 scorpions
  2 wights (D:6)
  An electric eel (D:8)
  3 howler monkeys
  3 crimson imps
  A giant frog zombie (D:5)
  2 hounds
  3 jellies
  4 orc priests
  7 orc wizards
  A centaur skeleton (D:7)
  6 iguanas
  5 worker ants
  A hound skeleton (D:8)
  Robin (D:3)
  A howler monkey skeleton (D:4)
  19 adders
  31 river rats
  3 shadow imps
  2 oozes
  An adder skeleton (D:4)
  3 worms (D:2)
  2 dart slugs
  10 giant geckos
  47 orcs
  8 giant cockroaches
  17 goblins
  6 hobgoblins
  17 jackals
  4 quokkas
  5 ball pythons
  13 bats
  A giant cockroach zombie (D:5)
  A giant newt (D:5)
  A jackal skeleton (D:6)
  23 kobolds
  11 rats
  2 fungi (D:6)
453 creatures vanquished.

Vanquished Creatures (others)
  13 fungi
13 creatures vanquished.

Grand Total: 466 creatures vanquished

Notes
Turn   | Place    | Note
--------------------------------------------------------------
     0 | D:1      | Peloso the Minotaur Fighter began the quest for the Orb.
     0 | D:1      | Reached XP level 1. HP: 19/19 MP: 0/0
   109 | D:1      | Reached XP level 2. HP: 18/27 MP: 1/1
   746 | D:2      | Reached skill level 1 in Dodging
   746 | D:2      | Reached XP level 3. HP: 29/33 MP: 2/2
  1059 | D:2      | Reached XP level 4. HP: 37/41 MP: 3/3
  1451 | D:3      | Noticed a giant frog
  1616 | D:2      | Killed a giant frog
  1616 | D:2      | Reached XP level 5. HP: 15/47 MP: 4/4
  1900 | D:3      | Found a blossoming altar of Fedhas.
  1917 | D:3      | Noticed an oklob plant
  1981 | D:3      | Found a glowing silver altar of Zin.
  1981 | D:3      | Noticed an angel
  2243 | D:3      | Noticed Robin
  2280 | D:3      | Killed Robin
  2687 | D:3      | Reached skill level 5 in Shields
  2725 | D:4      | Reached XP level 6. HP: 45/53 MP: 5/5
  2739 | D:4      | Found a sacrificial altar of Ru.
  2762 | D:4      | Found an ancient bone altar of Kikubaaqudgha.
  2764 | D:4      | Noticed GFox's ghost (amateur MiMo)
  2890 | D:4      | Killed GFox's ghost
  2890 | D:4      | Reached skill level 5 in Armour
  3048 | D:4      | Found a sparkling altar of Nemelex Xobeh.
  3087 | D:4      | Got a crude rapier
  3088 | D:4      | Identified the +11 rapier "Jellybane" {venom, Dex+5} (You found it on level 4 of the Dungeon)
  3121 | D:4      | Found a white marble altar of Elyvilon.
  3198 | D:4      | Noticed a water moccasin
  3207 | D:4      | Killed a water moccasin
  3207 | D:4      | Reached XP level 7. HP: 25/60 MP: 6/6
  4012 | D:5      | Entered Level 5 of the Dungeon
  4157 | D:5      | Reached skill level 5 in Fighting
  4157 | D:5      | Reached skill level 5 in Long Blades
  4207 | D:5      | Found a bloodstained altar of Trog.
  4470 | D:5      | Reached skill level 1 in Stealth
  5005 | D:5      | Reached XP level 8. HP: 64/69 MP: 7/7
  5219 | D:5      | Found a staircase to the Ecumenical Temple.
  5225 | Temple   | Entered the Ecumenical Temple
  5243 | Temple   | Became a worshipper of Warmaster Okawaru
  5617 | D:6      | Found a glowing drain.
  5647 | Sewer    | Entered a sewer
  5702 | Sewer    | Noticed Purgy
  5719 | Sewer    | Killed Purgy
  6081 | D:6      | Reached * piety under Okawaru
  6426 | D:7      | Reached XP level 9. HP: 54/78 MP: 8/8
  6820 | D:7      | Found a shattered altar of Ashenzari.
  6881 | D:7      | Noticed Gottschkopf's ghost (novice DrTm)
  7207 | D:7      | Killed Gottschkopf's ghost
  7207 | D:7      | Reached skill level 5 in Dodging
  7537 | D:8      | Reached ** piety under Okawaru
  7657 | D:8      | Reached skill level 1 in Spellcasting
  7657 | D:8      | Reached XP level 10. HP: 59/88 MP: 8/11
  8103 | D:8      | Noticed Joseph
  8116 | D:8      | Killed Joseph
  8678 | D:9      | Reached *** piety under Okawaru
  8960 | D:9      | Reached XP level 11. HP: 81/95 MP: 12/12
  8990 | D:9      | Found a staircase to the Lair.
  9137 | D:9      | Found a shimmering altar of Xom.
  9246 | D:9      | Reached skill level 10 in Shields
  9323 | D:9      | Noticed a cyan ugly thing
  9336 | D:9      | Killed a cyan ugly thing
  9362 | D:9      | Reached **** piety under Okawaru
  9724 | D:9      | Reached skill level 10 in Long Blades
  9796 | D:10     | Entered Level 10 of the Dungeon
  9800 | D:10     | Noticed Urug
  9829 | D:10     | HP: 4/97 [Urug/long sword of holy wrath (17)]
  9837 | D:10     | Killed Urug
 10117 | D:10     | Noticed CALLOUS's ghost (journeyman DrSu)
 10133 | D:10     | Killed CALLOUS's ghost
 10133 | D:10     | Reached skill level 10 in Armour
 10150 | D:10     | Noticed Harold
 10165 | D:10     | Killed Harold
 10165 | D:10     | Reached ***** piety under Okawaru
 10288 | D:10     | Noticed a hill giant
 10296 | D:10     | Killed a hill giant
 10591 | D:10     | Received a gift from Okawaru
 10667 | D:10     | Found a staircase to the Orcish Mines.
 11262 | D:11     | Noticed a brown ugly thing
 11272 | D:11     | Killed a brown ugly thing
 11338 | D:11     | Noticed Nergalle
 11356 | D:11     | Reached skill level 10 in Fighting
 11398 | D:11     | Killed Nergalle
 11398 | D:11     | Reached XP level 12. HP: 50/106 MP: 13/13
 11580 | D:11     | Noticed a vault guard
 12053 | D:11     | Killed a vault guard
 12062 | D:11     | Found a portal to a secret trove of treasure.
 12094 | D:11     | Noticed Maud
 12132 | D:10     | Killed Maud
 12385 | D:11     | Received a gift from Okawaru
 12388 | D:11     | Got a pair of slimy boots {god gift}
 12399 | D:11     | Identified the +0 pair of boots of the Bard {-Tele rPois rF++ MP+9} (Okawaru gifted it to you on level 11 of the Dungeon)
 12741 | Lair:1   | Entered Level 1 of the Lair of Beasts
 12750 | Lair:1   | Noticed Anatei's ghost (journeyman MiFi)
 12768 | Lair:1   | Killed Anatei's ghost
 12792 | Lair:1   | Found a labyrinth entrance.
 12804 | Lab      | Entered a labyrinth
 13180 | Lab      | Noticed a minotaur
 13198 | Lab      | Killed a minotaur
 13201 | Lab      | Got a twisted plate armour
 13220 | Lab      | Identified the cursed +0 plate armour of Absence {+Fly rCorr Dex-4} (You took it off a minotaur in a labyrinth)
 14806 | Lair:1   | Noticed a seven-headed hydra
 14854 | Lair:2   | Reached XP level 13. HP: 68/116 MP: 15/15
 16203 | Lair:3   | Noticed Sonja
 16235 | Lair:3   | Killed Sonja
 16683 | Lair:3   | Reached ****** piety under Okawaru
 16683 | Lair:3   | Received a gift from Okawaru
 16686 | Lair:3   | Got a faintly glowing scimitar {god gift}
 16687 | Lair:3   | Identified the +1 scimitar of Discord {flame, rPois MR+} (Okawaru gifted it to you on level 3 of the Lair of Beasts)
 17459 | Lair:4   | Cast into level 3 of the Abyss (a distortion unwield)
 17485 | Abyss:3  | Gained mutation: Your body sometimes deteriorates upon taking damage. [a neqoxec]
 17489 | Abyss:3  | Noticed a bone dragon
 17516 | Abyss:3  | HP: 1/116 [bone dragon (12)]
 17518 | Abyss:3  | Mangled by a bone dragon

Skill      XL: |  1  2  3  4  5  6  7  8  9 10 11 12 13 |
---------------+----------------------------------------+-----
Fighting       | 4 5 6 7 8 10 11 | 11.6
Dodging        | 1 2 3 4 6 7 |  7.4
Shields        | 4 5 6 7 9 11 12 13 | 13.7
Long Blades    | 3 4 5 6 8 9 11 12 13 | 13.4
Armour         | 4 5 6 7 9 10 11 12 | 12.1
Stealth        | 1 2 3 |  3.1
Short Blades   | 3 |  3.0
Throwing       | 2 |  2.8
Unarmed Combat | 3 |  3.1
Spellcasting   | 1 |  1.8
Invocations    | 2 3 4 |  4.5
Evocations     | 2 |  2.5

Action                   |  1- 3 |  4- 6 |  7- 9 | 10-12 | 13-15 || total
-------------------------+-------+-------+-------+-------+-------++-------
Melee: Long sword        |   104 |   158 |   343 |   836 |   195 ||  1636
       Headbutt          |     9 |    24 |    74 |   190 |    76 ||   373
       Scimitar          |       |       |       |       |   125 ||   125
Invok: Heroism           |       |       |     2 |    13 |     3 ||    18
       Finesse           |       |       |       |     3 |     2 ||     5
  Use: Potion            |       |     1 |     1 |     2 |     1 ||     5
       Scroll            |       |       |    14 |    15 |     1 ||    30
  Eat: Chunk             |       |     8 |    14 |    24 |     9 ||    55
       Pizza             |       |       |       |     1 |       ||     1
Armor: Scale mail        |    69 |    75 |     8 |       |       ||   152
       Chain mail        |       |       |   141 |     2 |       ||   143
       Plate armour      |       |       |       |   290 |   172 ||   462
Dodge: Dodged            |    44 |    73 |    89 |   232 |   116 ||   554
Block: Shield            |    75 |   111 |   185 |   486 |   268 ||  1125
